 Dungeon Crawl Stone Soup version 0.31-a0-986-g5e6e4ef867 (webtiles) character file.

Game seed: 6236111922175230857

8937 timneilson the Ruffian (level 11, -1/71 (75) HPs)
             Began as an Octopode Shapeshifter on Nov 12, 2023.
             Slain by a troll (12 damage)
             ... on level 10 of the Dungeon.
             The game lasted 00:23:31 (11594 turns).

timneilson the Ruffian (Octopode Shapeshifter)     Turns: 11594, Time: 00:23:32

HP:   -1/71 (75)    AC:  1    Str: 18    XL:     11   Next: 38%
MP:   18/18         EV: 15    Int: 19    God:
Gold: 1009          SH:  5    Dex: 11    Spells: 16/19 levels left

rFire   . .          .
                       - Unarmed
rCold   + . .        (no shield)
rNeg    . . .        (helmet currently unavailable)
rPois   .            d - amulet of reflection
rElec   .            l - ring of protection from cold
rCorr   .            m - +6 ring of intelligence
SInv    +            t - ring of see invisible
Will    .....        (no ring)
Stlth   ++++         (no ring)
HPRegen 0.31/turn    (no ring)
MPRegen 0.16/turn    (no ring)
                     (no ring)

%: reflection
@: beast-form, drained
A: beast (slay +4), almost no armour, amphibious, 8 rings, camouflage 1,
gelatinous body 1, (nimble swimmer 1), tentacles
a: Begin Untransformation


You were on level 10 of the Dungeon.
You were a hulking beast.
You visited 2 branches of the dungeon, and saw 11 of its levels.
You also visited: Ossuary.

You collected 1174 gold pieces.
You spent 165 gold pieces at shops.

Inventory:

Missiles
 z - 2 throwing nets
Jewellery
 d - an amulet of reflection (around mantle)
 l - a ring of protection from cold (left tentacle)
 m - a +6 ring of intelligence (right tentacle)
 t - a ring of see invisible (on tentacle)
Talismans
 b - a beast talisman
 c - a flux talisman
 k - a talisman of death
Wands
 p - a wand of flame (7)
 q - a wand of paralysis (29)
 w - a wand of digging (2)
Scrolls
 f - 6 scrolls of noise
 h - 5 scrolls of teleportation
 i - a scroll of poison
 o - 8 scrolls of identify
 r - a scroll of vulnerability
 x - 3 scrolls of fog
 y - a scroll of enchant armour
Potions
 a - 6 potions of lignification
 e - 2 potions of heal wounds
 g - a potion of attraction
 j - a potion of haste
 n - a potion of curing
 s - 2 potions of brilliance
 u - 2 potions of might
 v - 3 potions of enlightenment


   Skills:
 * Level 7.3 Fighting
 * Level 7.5 Dodging
 + Level 7.5 Stealth
 * Level 7.9 Unarmed Combat
 + Level 4.8 Spellcasting
 + Level 4.2 Translocations
 + Level 3.8 Evocations
 * Level 7.4 Shapeshifting


You had 16 spell levels left.
You knew the following spells:

 Your Spells              Type           Power      Damage    Failure   Level
a - Apportation           Tloc           40%        N/A       2%          1
b - Lesser Beckoning      Tloc           40%        N/A       3%          2

Your spell library contained the following spells:

 Spells                   Type           Power      Damage    Failure   Level
 Gell's Gravitas          Tloc           20%        N/A       7%          3
 Teleport Other           Tloc           20%        N/A       7%          3
 Magic Dart               Conj           16%        1d3       13%         1
 Jinxbite                 Hex            8%         N/A       19%         2
 Searing Ray              Conj           8%         2d4       19%         2
 Sublimation of Blood     Necr           4%         N/A       19%         2
 Wereblood                Tmut           4%         N/A       19%         2
 Dazzling Flash           Conj/Hex       8%         N/A       36%         3
 Animate Dead             Necr           4%         N/A       77%         4
 Brom's Barrelling Bould  Conj/Erth      4%         2d3       77%         4
 Fulminant Prism          Conj/Hex       2%         3d5       77%         4
 Summon Forest            Summ/Tloc      6%         N/A       82%         5
 Agony                    Necr           4%         N/A       98%         5
 Alistair's Intoxication  Tmut/Pois      2%         N/A       98%         5
 Borgnjor's Vile Clutch   Necr/Erth      2%         N/A       98%         5
 Fireball                 Conj/Fire      2%         3d4       98%         5
 Iskenderun's Battlesphe  Conj           4%         2d6       98%         5
 Silence                  Hex/Air        2%         N/A       98%         5
 Summon Mana Viper        Hex/Summ       4%         N/A       98%         5
 Conjure Ball Lightning   Conj/Air       2%         3x3d6     100%        6
 Death Channel            Necr           2%         N/A       100%        6
 Summon Cactus Giant      Summ           2%         N/A       100%        6
 Orb of Destruction       Conj           2%         9d5       100%        7
 Summon Hydra             Summ           2%         N/A       100%        7


Dungeon Overview and Level Annotations

Branches:
Dungeon (10/15)            Temple (1/1) D:4            Lair (0/5) D:8
    Orc (0/2) D:10        Ossuary (visited)

Altars:
Ashenzari
Cheibriados
Dithmenos
Elyvilon
Fedhas
Hepliaklqana
Kikubaaqudgha
Makhleb
Nemelex Xobeh
Okawaru
Qazlal
Ru
Sif Muna
Trog
Uskayaw
Vehumet
Wu Jian
Xom
Yredelemnul
Zin
Lugonu

Shops:
D:6 *

Annotations:
D:3 1 runed translucent door, Crazy Yiuf


Innate Abilities, Weirdness & Mutations

You are a hulking beast.
Your limbs bulge with bestial killing power. (Slay +4)
You cannot wear most types of armour.
You are amphibious.
You can wear up to eight rings at the same time.
Your skin changes colour to match your surroundings (Stealth+).
Your rubbery body absorbs attacks. (AC +1, EV +1)
((You are camouflaged when in or above water. (Stealth+)))
You have tentacles for arms and can constrict up to eight enemies at once.


Message History

You tentacle-slap the wight. x2
You destroy the wight!
Things that are here:
a +1 hand axe; a +0 robe
Things that are here:
a +0 hand axe; a +0 robe
Items here: )) [[.
Things that are here:
a +0 hand axe; a +0 robe
Things that are here:
a +0 hand axe; a +0 robe A troll comes into view.
The troll shouts!
Found 17 gold pieces.
The troll barely misses you. The troll claws you. The troll misses you.
You tentacle-slap the troll. You tentacle-slap the troll!
The troll is moderately wounded.
The troll bites you. The troll claws you. x2
You tentacle-slap the troll.
Your tentacle-slap misses the troll.
The troll is moderately wounded.
The troll bites you! The troll claws you! You block the troll's attack.
You bludgeon the troll! You tentacle-slap the troll.
The troll is severely wounded.
You block the troll's attack. The troll claws you!
The troll closely misses you.
You barely miss the troll.
The troll is severely wounded.
You tentacle-slap the troll but do no damage.
The troll is severely wounded.
The troll barely misses you. The troll misses you.
The troll closely misses you.
You closely miss the troll. Your squeeze misses the troll.
The troll is severely wounded.
The troll misses you. The troll claws you. The troll completely misses you.
You completely miss the troll.
The troll is heavily wounded.
The troll bites you!
* * * LOW HITPOINT WARNING * * *
The troll claws you!
You die...

..........#
########### .
..#### $.....#
.......########
#.....#.....###
#...Th.#.##)).#
##.......####.##
####..###
#))####### ####
##.#......
#........
###......
#...... #......
###..##


You could see a troll.

Vanquished Creatures
  Erica (D:8)
  A two-headed ogre (D:10)
  Pikel (D:9)
  Jeremiah (D:6)
  Grinder (D:4)
  2 trolls
  A wyvern (D:7)
  Eustachio (D:6)
  4 steam dragons
  2 wargs (D:8)
  2 water moccasins
  2 ice beasts
  2 sky beasts
  4 orc warriors
  A black bear (D:7)
  3 ogres
  4 centaurs
  4 bullfrogs
  2 gnoll sergeants
  11 scorpions
  10 wights
  10 killer bees
  4 howler monkeys
  6 centaur zombies (Ossuary)
  A jelly (D:7)
  11 orc priests
  3 human zombies (Ossuary)
  4 iguanas
  Natasha (twice) (D:3)
  14 orc wizards
  4 sleepcaps
  2 scorpion zombies (Ossuary)
  4 mummies
  10 gnolls
  8 adders
  A shadow imp (D:7)
  A white imp (D:5)
  4 worms
  2 dart slugs
  38 orcs
  6 endoplasms
  6 giant cockroaches
  A gnoll zombie (Ossuary)
  16 goblins
  5 hobgoblins
  A quokka (D:4)
  7 ball pythons
  6 bats
  3 frilled lizards
  2 goblin zombies (Ossuary)
  A hobgoblin zombie (Ossuary)
  A jackal zombie (D:4)
  6 kobolds
  3 kobold zombies (Ossuary)
  3 orc zombies (Ossuary)
  8 rats
264 creatures vanquished.

Notes
Turn   | Place    | Note
-------+----------+-------------------------------------------
     0 | D:1      | timneilson the Octopode Shapeshifter began the quest for
                  | the Orb.
     0 | D:1      | Reached XP level 1. HP: 13/13 MP: 1/1
    76 | D:1      | Reached XP level 2. HP: 13/18 MP: 2/2
   300 | D:1      | Found a faded altar of an unknown god.
   358 | D:1      | Reached skill level 1 in Stealth
   494 | D:1      | Reached XP level 3. HP: 21/23 MP: 3/3
   968 | D:2      | You fall into a shaft and drop 2 floors!
   968 | D:4      | Found a sand-covered staircase.
   979 | Ossuary  | Entered an ossuary
   986 | Ossuary  | Noticed a scorpion
   999 | Ossuary  | Killed a scorpion
  1000 | Ossuary  | Reached XP level 4. HP: 29/29 MP: 3/5
  1004 | Ossuary  | Reached skill level 1 in Spellcasting
  1004 | Ossuary  | Reached XP level 5. HP: 29/34 MP: 3/6
  1034 | Ossuary  | Reached XP level 6. HP: 22/41 MP: 7/7
  1182 | Ossuary  | Reached XP level 7. HP: 22/46 MP: 9/9
  1781 | Ossuary  | Reached XP level 8. HP: 22/54 MP: 11/11
  1935 | Ossuary  | Reached skill level 5 in Unarmed Combat
  2092 | D:4      | Learned a level 1 spell: Apportation
  2187 | D:3      | Found a runed translucent door.
  2188 | D:3      | Noticed Crazy Yiuf
  3049 | D:3      | Noticed Natasha
  3052 | D:3      | Killed Natasha
  3132 | D:3      | Found a hide-covered altar of Uskayaw.
  3133 | D:3      | Noticed Natasha
  3174 | D:3      | Killed Natasha
  3679 | D:4      | Found a staircase to the Ecumenical Temple.
  3693 | Temple   | Entered the Ecumenical Temple
  3944 | D:4      | Reached skill level 5 in Shapeshifting
  3970 | D:4      | Reached skill level 1 in Translocations
  4186 | D:4      | Found an iron altar of Okawaru.
  4495 | D:5      | Entered Level 5 of the Dungeon
  4511 | D:4      | Reached skill level 5 in Dodging
  4666 | D:5      | Noticed Grinder
  5037 | D:4      | Reached XP level 9. HP: 58/60 MP: 13/13
  5062 | D:5      | Found a shimmering altar of Xom.
  5062 | D:5      | Found a shimmering altar of Xom.
  5062 | D:5      | Found a shimmering altar of Xom.
  5079 | D:5      | Paralysed by Grinder for 4 turns
  5090 | D:4      | Killed Grinder
  5091 | D:4      | Reached skill level 5 in Fighting
  5091 | D:4      | Reached skill level 5 in Stealth
  5270 | D:5      | Found a shimmering altar of Xom.
  5273 | D:5      | Found a shimmering altar of Xom.
  5273 | D:5      | Found a shimmering altar of Xom.
  5740 | D:5      | Learned a level 2 spell: Lesser Beckoning
  5777 | D:5      | Found a shimmering altar of Xom.
  5992 | D:5      | Identified a scroll of acquirement
  5992 | D:5      | Identified the of Xinoas (You acquired it on level 5 of
                  | the Dungeon)
  5992 | D:5      | Acquired 673 gold pieces
  6136 | D:6      | Found a sacrificial altar of Ru.
  6220 | D:6      | Noticed Eustachio
  6227 | D:6      | Killed Eustachio
  6589 | D:6      | Found Scinpaud's Superlative Supplies.
  6599 | D:6      | Bought a ring of see invisible for 165 gold pieces
  6606 | D:6      | Found a hazy altar of Hepliaklqana.
  6636 | D:6      | Reached skill level 1 in Evocations
  6795 | D:6      | Noticed Jeremiah
  6802 | D:6      | Killed Jeremiah
  7216 | D:7      | Reached XP level 10. HP: 42/68 MP: 15/15
  7993 | D:7      | Found a shimmering blue altar of Sif Muna.
  8188 | D:7      | Found a stormy altar of Qazlal.
  8505 | D:8      | Found a shadowy altar of Dithmenos.
  8741 | D:8      | Noticed Erica
  8751 | D:8      | Killed Erica
  9270 | D:8      | Found a staircase to the Lair.
  9847 | D:9      | Reached XP level 11. HP: 58/74 MP: 17/17
  9853 | D:9      | Found a burning altar of Makhleb.
 10819 | D:9      | Noticed Pikel
 10836 | D:9      | Killed Pikel
 11089 | D:9      | Found a snail-covered altar of Cheibriados.
 11245 | D:10     | Entered Level 10 of the Dungeon
 11245 | D:10     | Found a staircase to the Orcish Mines.
 11316 | D:10     | Noticed a two-headed ogre
 11333 | D:10     | Killed a two-headed ogre
 11376 | D:10     | Found a radiant altar of Vehumet.
 11459 | D:10     | Found a bloodstained altar of Trog.
 11594 | D:10     | Slain by a troll

Illustrated notes

Levels and vault maps discovered:
D:1:      saegor_arrival_simple_b, layout_basic,
          shapermc_ecumenical_altar_mp_urbaneastern, minivault_23
D:2:      layout_basic
D:3:      layout_rooms, nicolae_uskayaw_suspiria, minmay_starry_boxes,
          uniq_natasha, uniq_crazy_yiuf_cottage
D:4:      layout_loops_corners, mainiacjoe_overflow_24_doors,
          minmay_temple_entry_drinking_statues, enter_ossuary_3,
          chequers_serial_rivers_small_b
D:5:      layout_cave_pools, nicolae_xom_altar_mimics, uniq_grinder
D:6:      layout_rooms, nicolae_ru_path_of_blood, mainiacjoe_overflow_alcove_1,
          nicolae_alphabet_shops, kennysheep_minor_cross, minmay_ogre_servants,
          uniq_jeremiah, uniq_eustachio
D:7:      layout_loops_corners, kennysheep_orc_sif_temple, kennysheep_little_box
D:8:      layout_rooms, nicolae_overflow_hidden_temple,
          nicolae_dithmenos_the_darkroom, erik_lair_orcish_takeover, uniq_erica
D:9:      layout_basic, slow_altar_1, mainiacjoe_overflow_paths, uniq_pikel
D:10:     layout_basic, lightli_temple_of_fire, fiery_altar_vehumet,
          nicolae_tso_carved_into_rock, zombieorc2_lemuel
Temple:   corrupted_temple

Skill      XL: |  1  2  3  4  5  6  7  8  9 10 11 |
---------------+----------------------------------+-----
Stealth        | 1 2 3 4 6 7 |  7.5
Fighting       | 2 3 4 5 6 7 |  7.3
Spellcasting   | 1 2 3 4 |  4.8
Dodging        | 3 4 5 6 7 |  7.5
Unarmed Combat | 4 5 6 7 |  7.9
Shapeshifting  | 4 5 6 7 |  7.4
Translocations | 1 2 3 4 |  4.2
Evocations     | 1 3 |  3.8

Action                     |  1- 3 |  4- 6 |  7- 9 | 10-12 || total
---------------------------+-------+-------+-------+-------++-------
  Melee: Unarmed           |    55 |    39 |   315 |   243 ||   652
         Constrict         |    16 |     5 |    72 |    51 ||   144
         Punch             |     3 |     5 |    14 |    21 ||    43
         Tentacles         |     7 |    12 |    81 |    57 ||   157
  Evoke: Wand              |       |       |       |     5 ||     5
    Use: Scroll            |     3 |       |    15 |     3 ||    21
         Potion            |     1 |       |     8 |     4 ||    13
   Stab: Sleeping          |     7 |     1 |    22 |    19 ||    49
 Armour: Skin              |    17 |    25 |   161 |   105 ||   308
  Dodge: Dodged            |    25 |    23 |   170 |   142 ||   360
  Block: Other             |       |       |    43 |    39 ||    82

Table legend: (Time is in decaauts)
 A = Elapsed time spent in this place.
 B = Non-inter-level travel time spent in this place.
 C = Inter-level travel time spent in this place.
 D = Time resting spent in this place.
 E = Time spent auto-exploring this place.
 F = Levels seen in this place.
 G = Mean time per level.
                   A        B        C        D        E       F      G
               +--------+--------+--------+--------+--------+-----+--------+
         Total |  11518 |  11138 |    380 |   2608 |   5736 |  12 |  959.8 |
       Dungeon |  10422 |  10055 |    367 |   2316 |   5358 |  10 | 1042.2 |
        Temple |     27 |     14 |     13 |      0 |      0 |   1 |   27.0 |
       Ossuary |   1068 |   1068 |      0 |    292 |    378 |   1 | 1068.0 |
               +--------+--------+--------+--------+--------+-----+--------+

Top non-repeatable levels by time:
     D:4: 1694 daAuts
     D:7: 1584 daAuts
     D:9: 1517 daAuts
     D:6: 1069 daAuts
 Ossuary: 1068 daAuts
     D:3: 994 daAuts
     D:8: 960 daAuts
     D:5: 915 daAuts
     D:2: 715 daAuts
     D:1: 663 daAuts
    D:10: 306 daAuts
  Temple: 27 daAuts
